 Dungeon Crawl Stone Soup version 0.18.1-51-gd549091e01 (webtiles) character file.

116 magog001 the Skirmisher (level 4, -14/41 HPs)
             Began as a Minotaur Fighter on Sept 2, 2020.
             Demolished by an orc warrior
             ... wielding a +0 short sword
              (17 damage)
             ... on level 3 of the Dungeon.
             The game lasted 00:06:12 (1324 turns).

magog001 the Skirmisher (Minotaur Fighter)          Turns: 1324, Time: 00:06:12

Health: -14/41     AC:  7    Str: 21    XL:     4   Next: 69%
Magic:  3/3        EV:  7    Int:  5    God:
Gold:   117        SH:  9    Dex: 10    Spells: 0 memorised, 3 levels left

rFire  . . .     SeeInvis .     a - +0 war axe
rCold  . . .     Gourm    .     b - +0 scale mail
rNeg   . . .     Faith    .     c - +0 shield
rPois  .         Spirit   .     (helmet restricted)
rElec  .         Dismiss  .     (no cloak)
rCorr  .         Reflect  .     (no gloves)
SustAt .         Harm     .     (no boots)
MR     .....                    (no amulet)
Stlth  ..........               (no ring)
                                (no ring)

@: not resistant to hostile enchantments, extremely unstealthy
A: retaliatory headbutt, horns 2
a: no special abilities


You were on level 3 of the Dungeon.
You were not hungry.

You visited 1 branch of the dungeon, and saw 3 of its levels.

You collected 117 gold pieces.

Inventory:

Hand Weapons
 a - a +0 war axe (weapon)
 l - a +0 dagger of electrocution
 s - a +0 hunting sling
Missiles
 r - 3 javelins (quivered)
Armour
 b - a +0 scale mail (worn)
 c - a +0 shield (worn)
Jewellery
 e - an uncursed ring of protection from magic {unknown}
 p - an uncursed ring of positive energy {unknown}
Scrolls
 g - a scroll of remove curse {unknown}
 k - a scroll of noise {unknown}
 m - a scroll of immolation {unknown}
 q - a scroll of recharging {unknown}
 t - 2 scrolls of teleportation {unknown}
Potions
 d - a potion of might
 h - 2 potions of heal wounds {unknown}
 j - 2 potions of degeneration {unknown}
 o - 2 potions of ambrosia {unknown}
 u - a potion of curing {unknown}
 v - a potion of flight {unknown}
Comestibles
 f - 2 bread rations
 i - 9 chunks of flesh
 n - 2 meat rations


   Skills:
 * Level 4.8 Fighting
 * Level 3.5 Axes
 + Level 4.5 Armour
 + Level 4.2 Shields


You had 3 spell levels left.
You didn't know any spells.

Dungeon Overview and Level Annotations

Branches:
Dungeon (3/15)

Altars:


Innate Abilities, Weirdness & Mutations

You reflexively headbutt those who attack you in melee.
You have a pair of horns on your head.


Message History

The orc warrior is heavily wounded.
You block the orc warrior's attack.
You closely miss the orc warrior.
The orc warrior is heavily wounded.
You feel sick.
You are no longer poisoned.
The orc warrior barely misses you.
You hit the orc warrior. You headbutt the orc warrior.
The orc warrior is severely wounded.
The orc warrior barely misses you.
The orc warrior hits you with a short sword!
* * * LOW HITPOINT WARNING * * *
You hit the orc warrior.
The orc warrior is almost dead.
The orc warrior hits you with a short sword.
* * * LOW HITPOINT WARNING * * *
You closely miss the orc warrior. You headbutt the orc warrior.
The orc warrior is almost dead.
The orc warrior hits you with a short sword!
You die...

####.#...
#........
.........
#........
##.....)..
.........
..########........
........@o{...$...
..########........
#...#........
#.?..†.......
......#..#.....%..
##### #<.#........
##.#........
..#........
###........


You could see an orc warrior.

Vanquished Creatures
  Ijyb (D:2)
  3 gnolls (D:2)
  3 adders
  An orc (D:3)
  3 bats
  10 goblins
  2 hobgoblins
  2 jackals (D:2)
  2 quokkas (D:2)
  A ball python (D:1)
  A giant newt (D:1)
  4 kobolds (D:2)
  4 rats (D:1)
37 creatures vanquished.

Notes
Turn   | Place    | Note
--------------------------------------------------------------
     0 | D:1      | magog001 the Minotaur Fighter began the quest for the Orb.
     0 | D:1      | Reached XP level 1. HP: 19/19 MP: 0/0
   483 | D:1      | Reached XP level 2. HP: 27/27 MP: 1/1
   772 | D:2      | Noticed Ijyb
   773 | D:2      | Reached XP level 3. HP: 33/33 MP: 2/2
   802 | D:2      | Killed Ijyb
  1068 | D:2      | Reached XP level 4. HP: 41/41 MP: 3/3
  1311 | D:3      | Noticed an orc warrior
  1324 | D:3      | Demolished by an orc warrior

Skill      XL: |  1  2  3  4 |
---------------+-------------+-----
Fighting       | 4 |  4.8
Armour         | 4 |  4.5
Axes           | 3 |  3.5
Shields        | 4 |  4.2

Action                   |  1- 3 |  4- 6 || total
-------------------------+-------+-------++-------
Melee: War axe           |    47 |    37 ||    84
       Headbutt          |     7 |     7 ||    14
  Eat: Chunk             |       |     1 ||     1
Armor: Scale mail        |    28 |    12 ||    40
Dodge: Dodged            |    17 |     9 ||    26
Block: Shield            |    20 |    28 ||    48
